 Dungeon Crawl Stone Soup version 0.31.0-11-ge490571c62 (webtiles) character file.

Game seed: 15604671363453552909

87 Gadfly the Insei (level 4, 0/35 HPs)
             Began as a Demonspawn Monk on Feb 3, 2024.
             Slain by a gnoll
             ... wielding a +0 spear
              (9 damage)
             ... on level 3 of the Dungeon.
             The game lasted 00:02:34 (2078 turns).

Gadfly the Insei (Demonspawn Monk)                  Turns: 2078, Time: 00:02:36

Health: 0/35       AC:  2    Str: 13    XL:     4   Next: 28%
Magic:  4/4        EV: 13    Int: 10    God:
Gold:   100        SH:  0    Dex: 16    Spells: 3/3 levels left

rFire   . .          .
                       - Unarmed
rCold   . . .        c - orb {light}
rNeg    . . .        a - +0 robe
rPois   .            (no helmet)
rElec   .            (no cloak)
rCorr   .            (no gloves)
SInv    .            (no boots)
Will    .....        (no amulet)
Stlth   +            (no ring)
HPRegen 0.25/turn    (no ring)
MPRegen 0.09/turn

%: no passive effects
@: glowing
A: hooves 2, demonic guardian 1
a: no special abilities


You were on level 3 of the Dungeon.
You visited 1 branch of the dungeon, and saw 3 of its levels.

You collected 100 gold pieces.

Inventory:

Hand Weapons
 f - a +2 short sword of speed
Armour
 a - a +0 robe (worn)
 c - an orb of light (worn)
Scrolls
 e - a scroll of noise {unknown}
Potions
 b - a potion of ambrosia
 d - 2 potions of curing
 g - 2 potions of attraction


   Skills:
 - Level 3.0 Fighting
 + Level 3.0 Dodging
 * Level 3.4 Unarmed Combat
 * Level 1.8 Evocations
 * Level 1.4 Shapeshifting


You had 3 spell levels left.
You didn't know any spells.
Your spell library was empty.

Dungeon Overview and Level Annotations

Branches:
Dungeon (3/15)

Altars:

Annotations:
D:3 1 runed translucent door, Buffagor's ghost, amateur NaSh


Innate Abilities, Weirdness & Mutations

You have hoof-like feet.
A weak demonic guardian rushes to your aid.


Message History

* * * LOW HITPOINT WARNING * * *
Your quasit bites the gnoll but does no damage.
Your quasit completely misses the gnoll.
Your quasit claws the gnoll.
You hit the gnoll.
The gnoll is severely wounded.
The gnoll hits you from afar with a +0 spear.
* * * LOW HITPOINT WARNING * * *
The gnoll closely misses you.
Your quasit barely misses the gnoll. x2
Your quasit claws the gnoll.
Your quasit barely misses the gnoll. x2
Your quasit claws the gnoll but does no damage.
Unknown command.
Your quasit barely misses the gnoll.
Your quasit claws the gnoll. x2
The gnoll completely misses your quasit.
You barely miss the gnoll.
Your quasit barely misses the gnoll.
Your quasit claws the gnoll.
Your quasit barely misses the gnoll.
The gnoll closely misses your quasit. The gnoll hits you with a +0 spear!
Your quasit bites the gnoll but does no damage.
Your quasit claws the gnoll but does no damage.
Your quasit claws the gnoll.
The gnoll dies!
You bump into the rock wall.
You feel less invigorated.
You feel less confused. The gnoll misses you.
The gnoll closely misses your quasit. The gnoll barely misses your quasit.
You hit the gnoll.
The gnoll is lightly wounded.
Your quasit bites the gnoll but does no damage.
Your quasit claws the gnoll. x2; The gnoll barely misses your quasit.
The gnoll hits you with a +0 spear!
* * * LOW HITPOINT WARNING * * *
The gnoll hits your quasit with a +0 club.
You barely miss the gnoll.
The gnoll is moderately wounded.
Your quasit bites the gnoll.
Your quasit claws the gnoll but does no damage. x2
The gnoll completely misses your quasit.
The gnoll hits you with a +0 spear!
You die...

~~* *,,*,*,*,* ****,**** *,*
~~***,,,,,,,,* ####.### *,#
~~*,,,,,,*,*** #......# *,#
~~***,**##+#* #.##.#.# *,#
~~*,,,**#...#* #.##.#.# *,,
~,******...?.#* #.##.#†### ***
~~~* **,......#*#.##.....# #
*~,***,,......g##.#....#.########
,,,,,+,,......5g@................
,,****,,......g##.#.........#####
,** **,......#*#...........# # **
**....<#* #####.......# *#...#*
#.......##### ##+#* #.......##...
*,* #.......##... **********,*
###.######... ,,,,,,,,,*,** *,*
#...


You could see 3 gnolls and a friendly quasit (summoned).

Vanquished Creatures
  An adder (D:2)
  2 dart slugs (D:2)
  4 endoplasms
  3 giant cockroaches (D:2)
  6 goblins (D:2)
  7 hobgoblins
  4 jackals (D:2)
  7 kobolds
  2 quokkas
  7 ball pythons
  5 frilled lizards (D:1)
  3 rats
51 creatures vanquished.

Vanquished Creatures (collateral kills)
  A gnoll (D:3)
  A ball python (D:3)
  2 hobgoblins (D:3)
  A kobold (D:3)
5 creatures vanquished.

Grand Total: 56 creatures vanquished

Notes
Turn   | Place    | Note
-------+----------+-------------------------------------------
     0 | D:1      | Gadfly the Demonspawn Monk began the quest for the Orb.
     0 | D:1      | Reached XP level 1. HP: 18/18 MP: 1/1
   298 | D:1      | Gained mutation: You have large cloven feet. [demonic
                  | ancestry]
   298 | D:1      | Reached XP level 2. HP: 18/24 MP: 2/2
   319 | D:1      | Found a faded altar of an unknown god.
   972 | D:2      | Reached skill level 1 in Shapeshifting
  1019 | D:2      | Reached skill level 1 in Evocations
  1046 | D:2      | Gained mutation: A weak demonic guardian rushes to your
                  | aid. [demonic ancestry]
  1046 | D:2      | Reached XP level 3. HP: 26/29 MP: 3/3
  1591 | D:2      | Gained mutation: You have hoof-like feet. [demonic
                  | ancestry]
  1591 | D:2      | Reached XP level 4. HP: 35/35 MP: 4/4
  1909 | D:3      | Found a runed translucent door.
  1912 | D:3      | Noticed Buffagor's ghost (amateur NaSh)
  2078 | D:3      | Slain by a gnoll

Illustrated notes

Levels and vault maps discovered:
D:1:      orjb1_lava_funnel, layout_loops_corners,
          ebering_ecumenical_altar_ruins, serial_park_tiny_2
D:2:      cheibrodos_greedy_goblins, layout_loops_cross,
          kennysheep_generic_room_10
D:3:      layout_loops_corners, nicolae_dithmenos_shadow_blocks,
          nicolae_ru_awakened_eye, gup_sewer_entry_pipe, ebering_ghost_sewer_d

Skill      XL: |  1  2  3 |
---------------+----------+-----
Unarmed Combat | 3 |  3.4
Shapeshifting  | 1 |  1.4
Evocations     | 1 |  1.8
Dodging        | 3 |  3.0
Fighting       | |  3.0

Action                     |  1- 3 |  4- 6 || total
---------------------------+-------+-------++-------
  Melee: Unarmed           |   123 |    15 ||   138
         Kick              |    31 |     3 ||    34
    Use: Scroll            |     3 |     2 ||     5
         Potion            |       |     1 ||     1
 Armour: Robe              |    44 |    15 ||    59
  Dodge: Dodged            |   114 |    16 ||   130
